 Dungeon Crawl Stone Soup version 0.16.1-2-g95b8d4c (console) character file.

30 gw the Ducker (level 3, -5/18 HPs)
             Began as a Spriggan Gladiator on Mar 24, 2015.
             Slain by a goblin
             ... wielding a cursed +0 club
             ... led by Robin
              (7 damage)
             ... on level 2 of the Dungeon.
             The game lasted 00:01:26 (1169 turns).

gw the Ducker (Spriggan Gladiator)                  Turns: 1169, Time: 00:01:27

Health: -5/18      AC:  2    Str: 11    XL:     3   Next: 3%
Magic:  6/6        EV: 20    Int:  9    God:
Gold:   88         SH:  0    Dex: 17    Spells: 0 memorised, 2 levels left

rFire  . . .     SeeInvis +     a - +0 rapier
rCold  . . .     Clarity  .     g - +0 animal skin
rNeg   . . .     SustAb   +     (shield restricted)
rPois  .         Gourm    .     c - +0 hat
rElec  .         Spirit   .     (no cloak)
rCorr  .         Warding  .     (gloves unavailable)
rMut   .         Stasis   .     (boots unavailable)
MR     .....                    (no amulet)
Stlth  ++........               (no ring)
                                h - ring of sustain abilities

@: very quick, not resistant to hostile enchantments, unstealthy
A: unfitting armour, see invisible, herbivore 3, speed 3, slow metabolism 2
a: no special abilities


You were on level 2 of the Dungeon.
You were not hungry.

You visited 1 branch of the dungeon, and saw 2 of its levels.

You collected 88 gold pieces.

Inventory:

Hand weapons
 a - a +0 rapier (weapon)
 b - a +0 hunting sling
Missiles
 d - 3 throwing nets
 j - 10 silver sling bullets
 k - 66 stones (quivered)
Armour
 c - a +0 hat (worn)
 g - a +0 animal skin (worn)
Jewellery
 h - a ring of sustain abilities (left hand)
Scrolls
 i - a scroll of identify
 p - a scroll of remove curse
Comestibles
 f - a bread ration


   Skills:
 + Level 1.8 Fighting
 * Level 4.1 Short Blades
 + Level 0.2(1.4) Slings
 - Level 2.1(2.2) Throwing
 + Level 4.8 Dodging


You had 2 spell levels left.
You didn't know any spells.

Dungeon Overview and Level Annotations

Branches:
Dungeon (2/15)

Altars:

Annotations:
D:2 Robin


Innate Abilities, Weirdness & Mutations

You are tiny and cannot use many weapons and most armour.
You have supernaturally acute eyesight.
You are a herbivore.
You cover ground extremely quickly.
You need consume almost no food.


Message History

The goblin completely misses you.
Unknown command.
Unknown command.
Unknown command.
Unknown command.
ATTACK MOVE TO (0,-1)
You barely miss the goblin.
Robin says, "Feeling lonely?"
Robin roars a battlecry!
The hobgoblin goes into a battle-frenzy!
The goblin completely misses you. The goblin closely misses you.
Unknown command.
Unknown command.
Unknown command.
Unknown command.
ATTACK MOVE TO (0,-1)
You hit the goblin.
The goblin is severely wounded.
The goblin hits you with a club!
You die... ### #......# ....# #......###### ... #...........# ... ####'##.....# ggr

#.###.#### #g# #.# #.####
#g# #.# #.)..# #g# #.#
###### #######i####
#.####...#
.......)g)..####.#......#
#######.#!#............+
...#.#.............
..[#...#.............
.........#####.#......#
... ##.## #.#......# $
#.. #.######## .. #.#


You could see Robin (invisible), a quokka, 2 hobgoblins and 3 goblins.

Table legend:
 A = Turns spent in this place as a percentage of turns spent in the entire game.
 B = Non-inter-level travel turns spent in this place as a percentage of non-inter-level travel turns spent in the entire game.
 C = Inter-level travel turns spent in this place as a percentage of turns spent in this place.
 D = Turns resting spent in this place as a percentage of non-inter-level travel turns spent in this place.
 E = Turns spent auto-exploring this place as a percentage of non-inter-level travel turns spent in this place.
 F = Non-inter-level travel turns spent in this place divided by the number of levels of this place that you've seen.
                   A       B       C       D       E      F
               +-------+-------+-------+-------+-------+----------------------
         Total | 100.0 | 100.0 |   0.0 |   0.6 |   2.7 | 1027.5
       Dungeon | 100.0 | 100.0 |   0.0 |   0.6 |   2.7 | 1027.5
               +-------+-------+-------+-------+-------+----------------------

Table legend:
 A = Kills in this place as a percentage of kills in entire the game.
 B = Kills by you in this place as a percentage of kills by you in the entire game.
 C = Kills by friends in this place as a percentage of kills by friends in the entire game.
 D = Other kills in this place as a percentage of other kills in the entire game.
 E = Experience gained in this place as a percentage of experience gained in the entire game.
 F = Experience gained in this place divided by the number of levels of this place that you have seen.
                   A       B       C       D       E      F
               +-------+-------+-------+-------+-------+----------------------
         Total | 100.0 | 100.0 |  -nan |  -nan | 100.0 |  21.5
       Dungeon | 100.0 | 100.0 |  -nan |  -nan | 100.0 |  21.5
               +-------+-------+-------+-------+-------+----------------------

Vanquished Creatures
  2 giant geckos (D:1)
  2 oozes
  6 goblins (D:2)
  2 hobgoblins (D:1)
  4 jackals (D:1)
  A bat (D:1)
  5 kobolds
  3 rats
25 creatures vanquished.

Notes
Turn   | Place    | Note
--------------------------------------------------------------
     0 | D:1      | gw, the Spriggan Gladiator, began the quest for the Orb.
     0 | D:1      | Reached XP level 1. HP: 10/10 MP: 2/2
   173 | D:1      | Reached XP level 2. HP: 9/14 MP: 4/4
  1153 | D:2      | Noticed Robin
  1165 | D:2      | Reached XP level 3. HP: 2/18 MP: 6/6
  1169 | D:2      | Slain by a goblin

Action                   || total
-------------------------++-------
Melee: Rapier            ||    53
 Fire: Hunting sling     ||    26
  Use: Potion            ||     6
       Scroll            ||     5
 Stab: Sleeping          ||     1

Vault maps used:
D:1:      lordsloth_arrival_two_stooges
D:2:      serial_curves, eino_curves_01, eino_curves_03, eino_curves_04,
          kennysheep_pointless_box, uniq_robin, uniq_crazy_yiuf_cottage,
          uniq_terence
